 Dungeon Crawl Stone Soup version 0.27.1 (webtiles) character file.

Game seed: 14976620356847208840

6 Rrauwl the Vexing (level 1, 0/11 HPs)
             Began as a Deep Elf Arcane Marksman on Aug 27, 2021.
             Slain by a quokka (4 damage)
             ... on level 1 of the Dungeon.
             The game lasted 00:00:51 (122 turns).

Rrauwl the Vexing (Deep Elf Arcane Marksman)         Turns: 122, Time: 00:00:51

Health: 0/11       AC:  2    Str:  7    XL:     1   Next: 75%
Magic:  5/5        EV: 12    Int: 17    God:
Gold:   0          SH:  0    Dex: 15    Spells: 2/3 levels left

rFire    . . .     SeeInvis .   e - +0 short sword
rCold    . . .     Faith    .   (no shield)
rNeg     . . .     Spirit   .   d - +0 robe
rPois    .         Reflect  .   (no helmet)
rElec    .         Harm     .   (no cloak)
rCorr    .         Rampage  .   (no gloves)
Will     .....                  (no boots)
Stlth    +.........             (no amulet)
HPRegen  0.03/turn              (no ring)
MPRegen  0.09/turn              (no ring)

@: no status effects
A: no striking features
a: no special abilities


You were on level 1 of the Dungeon.
You visited 1 branch of the dungeon, and saw 1 of its levels.

Inventory:

Hand Weapons
 a - a +0 shortbow
 e - a +0 short sword (weapon)
Missiles
 c - 14 arrows
Armour
 d - a +0 robe (worn)
Scrolls
 b - a scroll of teleportation {unknown}
 f - a scroll of blinking {unknown}


   Skills:
 + Level 0.9 Fighting
 + Level 2.8 Bows
 + Level 0.2 Armour
 + Level 2.5 Dodging
 + Level 1.8 Spellcasting
 - Level 4.0 Hexes


You had 2 spell levels left.
You knew the following spells:

 Your Spells              Type           Power      Damage    Failure   Level
a - Corona                Hex            16%        N/A       3%          1

Your spell library contained the following spells:

 Spells                   Type           Power      Damage    Failure   Level
 Slow                     Hex            15%        N/A       6%          2
 Inner Flame              Hex/Fire       8%         N/A       26%         3
 Portal Projectile        Hex/Tloc       16%        N/A       26%         3
 Cause Fear               Hex            7%         N/A       36%         4


Dungeon Overview and Level Annotations

Branches:
Dungeon (1/15)

Altars:


Message History

c - 14 arrows (gained 1)
A giant cockroach comes into view.
You shoot an arrow. The arrow hits the giant cockroach.
The giant cockroach is almost dead.
You shoot an arrow.
The arrow barely misses the giant cockroach.
You shoot an arrow. The arrow hits the giant cockroach.
You kill the giant cockroach!
c - 12 arrows (gained 1)
c - 14 arrows (gained 2)
Found 13 arrows.
f - a scroll labelled ANKOTO SUOTRA
c - 15 arrows (gained 1)
You see here a giant cockroach corpse.
c - 16 arrows (gained 1)
c - 19 arrows (gained 3)
A rat and a quokka come into view.
You shoot an arrow. The arrow hits the quokka.
The quokka is heavily wounded.
The quokka bites you.
You shoot an arrow. The arrow closely misses the quokka.
The quokka bites you but does no damage.
You shoot an arrow. The arrow misses the quokka.
The quokka bites you.
You shoot an arrow. The arrow hits the quokka.
The quokka is severely wounded.
The quokka bites you but does no damage.
The quokka bites you.
You shoot an arrow. The arrow completely misses the quokka.
The quokka bites you.
You are too injured to fight recklessly!
You are too injured to fight recklessly!
You are too injured to fight recklessly!
You are too injured to fight recklessly!
You are too injured to fight recklessly!
e - a +0 short sword (weapon)
The quokka closely misses you.
You closely miss the quokka.
The quokka is severely wounded.
The quokka bites you.
You die...

...... #.########.....#
......###.#########....#
........#.#............#
........#.#.#######....#
........#.# #....#
........#.# #....#
#........# #.....
######.### #..... #@#
#.#..# .....rr.# #.####
######### #. #.


You could see a quokka and a rat.

Vanquished Creatures
  A bat (D:1)
  A giant cockroach (D:1)
  2 hobgoblins (D:1)
  A kobold (D:1)
5 creatures vanquished.

Notes
Turn   | Place    | Note
-------+----------+-------------------------------------------
     0 | D:1      | Rrauwl the Deep Elf Arcane Marksman began the quest for the
                  | Orb.
     0 | D:1      | Reached XP level 1. HP: 11/11 MP: 5/5
   122 | D:1      | Slain by a quokka

Illustrated notes

Levels and vault maps discovered:
D:1:      dpeg_arrival_short_road, layout_basic,
          hellmonk_ecumenical_altar_slurped_away, minmay_cupped

Action                   || total
-------------------------++-------
Melee: Short sword       ||     1
 Fire: Shortbow          ||    18
Armor: Robe              ||     3
Dodge: Dodged            ||     9
